 Dungeon Crawl Stone Soup version 0.31-a0-846-gb3bcc0d938 (console) character file.

Game seed: 7674403398712665333

1406668 snuffles the Hoplite (level 26, 205/205 (213) HPs)
             Began as a Gnoll Warper on Oct 3, 2023.
             Was the Champion of Lugonu.
             Escaped with the Orb
             ... and 3 runes!
             The game lasted 04:17:29 (97369 turns).

snuffles the Hoplite (Gnoll Warper)                Turns: 97369, Time: 04:17:30

HP:   205/205 (213) AC: 42    Str: 18    XL:     26   Next: 90%
MP:   36/36         EV: 15    Int: 14    God:    Lugonu [******]
Gold: 2664          SH: 36    Dex: 18    Spells: 12/62 levels left

rFire   + + .        a - +9 demon blade (pain)
rCold   + . .        d - +8 tower shield {AC+3}
rNeg    . . .        n - +1 gold dragon scales
rPois   +            L - +2 helmet {SInv}
rElec   .            p - +2 cloak {rCorr}
rCorr   +            v - +3 pair of gauntlets of War {Slay+5}
SInv    +            O - +2 pair of boots {Stlth+}
Will    ++...        j - amulet "Buebam" {Reflect Str+7 SH+5}
Stlth   +            H - +5 ring of evasion
HPRegen 0.54/turn    U - ring "Qeclommi" {rF+ Will+ Stlth+}
MPRegen 0.25/turn

%: reflection
@: studying Shields, lightly drained
A: fangs 1, strong nose, distributed training, hooves 1, clumsy 1, low MP 2,
weak 1
0: Orb of Zot
}: 3/15 runes: serpentine, barnacled, silver
a: Renounce Religion, Depart the Abyss, Banish, Corrupt, Enter the Abyss, Brand
Weapon With Distortion


You escaped.
You worshipped Lugonu.
Lugonu was exalted by your worship.
You visited 10 branches of the dungeon, and saw 50 of its levels.
You visited the Abyss 1 time.
You also visited: Ice Cave and Wizlab.

You collected 8960 gold pieces.
You spent 6296 gold pieces at shops.

Inventory:

Hand Weapons
 a - a +9 demon blade of pain (weapon)
 b - a +9 vampiric demon blade
 y - the +9 sword of Zonguldrok {reap}
   (You found it in a wizard's laboratory)
Missiles
 x - 25 javelins
 A - 6 throwing nets
 G - 9 curare-tipped darts
Armour
 d - a +8 tower shield of protection (worn)
 f - +0 storm dragon scales
 n - +1 gold dragon scales (worn)
 p - a +2 cloak of preservation (worn)
 v - the +3 pair of gauntlets of War (worn) {Slay+5}
   (You acquired it on level 1 of the Depths)

   Slay+5:    It affects your accuracy & damage with ranged weapons and melee
   (+5).
 B - the +3 ice dragon scales "Vahietis" {rF- rC++ Dex+2 SInv}
   (You found it in an ice cave)

   Dex+2:     It affects your dexterity (+2).
   rF-:       It makes you vulnerable to fire.
   rC++:      It greatly protects you from cold.
   SInv:      It lets you see invisible.
 E - the +0 helmet of Forejumy {-Tele rF++ Str+3}
   (You found it on level 5 of the Dungeon)

   Str+3:     It affects your strength (+3).
   rF++:      It greatly protects you from fire.
   -Tele:     It prevents most forms of teleportation.
 L - a +2 helmet of see invisible (worn)
 O - a +2 pair of boots of stealth (worn)
Jewellery
 g - the ring "Cijig" {AC+4 Slay+3}
   (You acquired it on level 14 of the Dungeon)

   [ring of protection]

   AC+4:      It affects your AC (+4).
   Slay+3:    It affects your accuracy & damage with ranged weapons and melee
   (+3).
 j - the amulet "Buebam" (around neck) {Reflect Str+7 SH+5}
   (You bought it in a shop on level 2 of the Orcish Mines)

   [amulet of reflection]

   Reflect:   It reflects blocked missile attacks.
   Str+7:     It affects your strength (+7).
   SH+5:      It affects your SH (+5).
 k - the ring "Alieck" {Fly rPois rC+ rN++ Str-5}
   (You found it in an ice cave)

   [ring of protection from cold]

   Str-5:     It affects your strength (-5).
   rC+:       It protects you from cold.
   rPois:     It protects you from poison rN++: It greatly protects you from
   negative energy.
   Fly:       It grants you flight.
 w - the ring of Noon {Fire rElec Will+}
   (You bought it in a shop on level 1 of the Elven Halls)

   [ring of fire]

   Fire:      It enhances your fire magic.
   rF+:       It protects you from fire.
   rC-:       It makes you vulnerable to cold.
   rElec:     It insulates you from electricity.
   Will+:     It increases your willpower.
 H - a +5 ring of evasion (left hand)
 I - the amulet "Yfaongim" {Spirit rElec rF++ Will- Slay+2}
   (You acquired it on level 2 of the Shoals)

   [amulet of guardian spirit]

   Spirit:    It causes incoming damage to be divided between your reserves of
   health and magic.
   Slay+2:    It affects your accuracy & damage with ranged weapons and melee
   (+2).
   rF++:      It greatly protects you from fire.
   rElec:     It insulates you from electricity.
   Will-:     It decreases your willpower.
 S - a +5 ring of evasion
 U - the ring "Qeclommi" (right hand) {rF+ Will+ Stlth+}
   (You found it on level 8 of the Dungeon)

   [ring of willpower]

   rF+:       It protects you from fire.
   Will+:     It increases your willpower.
   Stlth+:    It makes you more stealthy.
 Z - the ring of Fatroh Ydiy {rPois rF+ rC- Will+}
   (You took it off a deep elf death mage on level 3 of the Elven Halls)

   [ring of willpower]

   rF+:       It protects you from fire.
   rC-:       It makes you vulnerable to cold.
   rPois:     It protects you from poison Will+: It increases your willpower.
Wands
 q - a wand of digging (19)
 K - a wand of iceblast (56)
 M - a wand of charming (24)
 N - a wand of mindburst (91)
 P - a wand of light (27)
 V - a wand of polymorph (18)
Scrolls
 c - 2 scrolls of brand weapon
 e - 8 scrolls of fear
 m - 4 scrolls of fog
 s - 12 scrolls of teleportation
 t - 5 scrolls of butterflies
 F - 3 scrolls of silence
 R - 7 scrolls of vulnerability
 Y - 4 scrolls of blinking
Potions
 h - 11 potions of enlightenment
 i - 5 potions of curing
 l - 4 potions of cancellation
 o - 10 potions of mutation
 u - 3 potions of invisibility
 D - 6 potions of might
 J - 3 potions of haste
 T - 3 potions of magic
 X - a potion of ambrosia
Miscellaneous
 Q - a phial of floods
 W - a phantom mirror


   Skills:
 + Level 18.7 Fighting
 + Level 18.2 Short Blades
 + Level 18.7 Long Blades
 + Level 18.2 Axes
 + Level 18.2 Maces & Flails
 + Level 18.2 Polearms
 + Level 18.2 Staves
 + Level 18.2 Ranged Weapons
 + Level 18.4 Throwing
 + Level 18.4 Armour
 + Level 18.7 Dodging
 + Level 18.2 Stealth
 + Level 21.4 Shields
 + Level 18.2 Unarmed Combat
 + Level 18.8 Spellcasting
 + Level 15.5 Conjurations
 + Level 15.5 Hexes
 + Level 15.5 Summonings
 + Level 15.5 Necromancy
 + Level 16.4 Translocations
 + Level 15.5 Transmutations
 + Level 15.5 Fire Magic
 + Level 15.5 Ice Magic
 + Level 15.5 Air Magic
 + Level 15.5 Earth Magic
 + Level 15.5 Poison Magic
 + Level 19.7 Invocations
 + Level 18.2 Evocations
 + Level 16.8 Shapeshifting


You had 12 spell levels left.
You knew the following spells:

 Your Spells              Type           Power      Damage    Failure   Level
a - Blink                 Tloc           100%       N/A       1%          2
b - Apportation           Tloc           100%       N/A       1%          1
c - Wereblood             Tmut           54%        N/A       1%          2
d - Manifold Assault      Tloc           56%        N/A       4%          4
e - Lesser Beckoning      Tloc           100%       N/A       1%          2
f - Vhi's Electric Charg  Tloc/Air       100%       N/A       4%          4
g - Passage of Golubria   Tloc           56%        N/A       4%          4
h - Dispel Undead         Necr           54%        3d20      5%          4
i - Confusing Touch       Hex            54%        N/A       1%          3
j - Airstrike             Air            27%        2d(4-20)  5%          4
k - Silence               Hex/Air        27%        N/A       16%         5
l - Animate Armour        Summ/Erth      100%       N/A       5%          4
m - Freezing Cloud        Conj/Ice/Air   27%        6-21      16%         5
n - Dispersal             Tloc           28%        N/A       52%         6

Your spell library contained the following spells:

 Spells                   Type           Power      Damage    Failure   Level
 Magic Dart               Conj           100%       1d8       1%          1
 Necrotise                Necr           100%       1d9       1%          1
 Sandblast                Erth           100%       2d20      1%          1
 Slow                     Hex            100%       N/A       1%          1
 Sting                    Tmut/Pois      100%       1d8       1%          1
 Summon Small Mammal      Summ           100%       N/A       1%          1
 Cigotuvi's Dreadful Rot  Necr/Pois/Air  100%       N/A       1%          2
 Static Discharge         Conj/Air       100%       2-7/arc   1%          2
 Sublimation of Blood     Necr           54%        N/A       1%          2
 Call Canine Familiar     Summ           54%        N/A       1%          3
 Dazzling Flash           Conj/Hex       100%       N/A       1%          3
 Gell's Gravitas          Tloc           56%        N/A       1%          3
 Hailstorm                Conj/Ice       54%        3d12      1%          3
 Ignite Poison            Fire/Tmut/Pois 54%        N/A       1%          3
 Inner Flame              Hex/Fire       54%        N/A       1%          3
 Sigil of Binding         Hex            54%        N/A       1%          3
 Summon Guardian Golem    Hex/Summ       54%        N/A       1%          3
 Teleport Other           Tloc           56%        N/A       1%          3
 Tukima's Dance           Hex            54%        N/A       1%          3
 Vampiric Draining        Necr           54%        2d9       1%          3
 Volatile Blastmotes      Fire/Tloc      100%       2d18      1%          3
 Dimensional Bullseye     Hex/Tloc       27%        N/A       4%          4
 Iskenderun's Mystic Bla  Conj/Tloc      55%        2d12      4%          4
 Animate Dead             Necr           54%        N/A       5%          4
 Flame Wave               Conj/Fire      54%        2d13      5%          4
 Fulminant Prism          Conj/Hex       27%        3d14      5%          4
 Leda's Liquefaction      Hex/Erth       27%        N/A       5%          4
 Sticky Flame             Conj/Fire      54%        2d7       5%          4
 Summon Ice Beast         Ice/Summ       54%        N/A       5%          4
 Summon Lightning Spire   Summ/Air       54%        N/A       5%          4
 Summon Forest            Summ/Tloc      27%        N/A       13%         5
 Agony                    Necr           54%        N/A       16%         5
 Borgnjor's Vile Clutch   Necr/Erth      27%        N/A       16%         5
 Lee's Rapid Deconstruct  Erth           27%        3d14*     16%         5
 Summon Mana Viper        Hex/Summ       54%        N/A       16%         5
 Yara's Violent Unravell  Hex/Tmut       27%        3d12      16%         5
 Bombard                  Conj/Erth      27%        9d5       65%         6
 Death Channel            Necr           27%        N/A       65%         6
 Simulacrum               Ice/Necr       27%        N/A       65%         6
 Starburst                Conj/Fire      27%        6d9       65%         6
 Summon Cactus Giant      Summ           27%        N/A       65%         6
 Enfeeble                 Hex            27%        N/A       99%         7
 Haunt                    Necr/Summ      27%        N/A       99%         7
 Summon Hydra             Summ           27%        N/A       99%         7
 Borgnjor's Revivificati  Necr           27%        N/A       100%        8
 Ignition                 Fire           27%        3d9       100%        8
 Infestation              Necr           27%        N/A       100%        8
 Lehudib's Crystal Spear  Conj/Erth      27%        10d7      100%        8
 Maxwell's Capacitive Co  Air            27%        ∞         100%        8
 Death's Door             Necr           27%        N/A       100%        9


Dungeon Overview and Level Annotations

Branches:
Dungeon (15/15)            Temple (0/1) D:6            Lair (5/5) D:11
 Shoals (4/4) Lair:3        Snake (4/4) Lair:3          Orc (2/2) D:9
    Elf (3/3) Orc:2        Vaults (5/5) D:14          Crypt (3/3) Vaults:2
   Tomb (0/3) Crypt:3      Depths (4/4) D:15            Zot (5/5) Depths:4
  IceCv (visited)          WizLab (visited)
  Slime: Lair:4-5

Altars:
Cheibriados
Dithmenos
Fedhas
Kikubaaqudgha
Makhleb
Nemelex Xobeh
Okawaru
Qazlal
Ru
Sif Muna
Trog
Vehumet
Wu Jian
Xom
Yredelemnul
Zin
The Shining One
Lugonu

Shops:
D:10 *[   D:14 [   Orc:2 !![=*=   Elf:1 [*=   Elf:3 [   Shoals:1 (   Snake:2 *
Vaults:2 :[:   Vaults:4 *   Depths:2 :   Depths:3 !

Portals:
Hell: Depths:1 Depths:2 Depths:3 Depths:4
Abyss: Depths:1 Depths:2 Depths:3 Depths:4
Pandemonium: Orc:2 Depths:2
Ziggurat: Depths:4

Annotations:
D:5 1 runed translucent door, Crazy Yiuf
D:15 Roxanne
Lair:1 exclusion: oklob plant
Lair:5 2 runed translucent doors
Shoals:2 exclusion: kraken, Mlioglotl
Shoals:3 Jorgrun
Snake:4 3 runed translucent doors, Pos Urai's ghost, adept MiBe; Ruet's ghost, adept AtFi; Viysato's ghost, adept DESu
Elf:3 corrupted
Crypt:1 2 transporters, Dyigyrgh's ghost, adept GrFi
Crypt:2 3 runed translucent doors, Micliseo's ghost, adept GrFi
Depths:2 corrupted
Abyss:1 Amaemon


Innate Abilities, Weirdness & Mutations

You have very sharp teeth.
Your uncanny sense of smell can sniff out nearby items.
Your experience applies equally to all skills.
You have large cloven feet.
You are clumsy. (Dex -2)
Your magical capacity is very low. (-20% MP)
You are weak. (Str -2)


Message History

You block the cacodemon's attack. x2
You slash the cacodemon!
The cacodemon is moderately wounded.
The cacodemon gestures at you.
The bolt of energy hits you but does no damage.
You barely miss the cacodemon.
The cacodemon is moderately wounded.
You slice the cacodemon!!
The cacodemon is severely wounded.
The cacodemon gestures at you.
Strange energies course through your body.
You feel less energetic.
You slash the cacodemon!
The cacodemon is severely wounded.
You block the cacodemon's attack. The cacodemon hits you.
You hit the cacodemon. You bite the cacodemon.
The cacodemon is almost dead.
The cacodemon gestures at you. You resist with almost no effort.
You slice the cacodemon!!
You kill the cacodemon!
Lugonu accepts your kill.
An orange demon comes into view.
The orange demon screeches!
You block the orange demon's attack.
The orange demon hits you but does no damage.
You slice the orange demon!!
The orange demon is heavily wounded.
The orange demon stings you but does no damage.
You block the orange demon's attack.
You slash the orange demon!
You bite the orange demon, but do no damage.
The orange demon is severely wounded.
The orange demon misses you.
The orange demon hits you but does no damage.
You slice the orange demon!!
You kill the orange demon!
Lugonu accepts your kill.
There is a staircase leading out of the dungeon here.
You have escaped!

####.......#####......#####
...#................#.....#
...#......#............##.#
...+.)....#.♣♣♣♣♣♣♣♣♣..#..#
...###.###..♣PP..PP..♣.#..#
............♣PP..P...♣.#..#
......####..♣..PP...P♣....#
...#######..♣..P...PP♣...####
'##......#..♣.P.@.P..♣......#
.##......'..♣....PP..♣..###.#
..#......##.♣(..P..PP♣..###.#
..'.......#.♣..PP..PP♣......#
..#.......#..♣♣♣♣♣♣♣♣♣.######
###.......#............#
###.......##############
#.........# #....######


There were no monsters in sight!

Vanquished Creatures
  8 orbs of fire
  An ancient lich (WizLab)
  Mara (Vaults:4)
  4 Killer Klowns (Zot:5)
  Boris (twice) (Vaults:4 Crypt:1)
  Sojobo (Vaults:3)
  Bai Suzhen (Vaults:3)
  5 caustic shrikes (Depths:4)
  A curse toe (Crypt:3)
  Saint Roka (Vaults:5)
  A profane servitor (D:12)
  Nikola (Shoals:1)
  4 golden dragons
  Jory (Vaults:2)
  A bone dragon (Crypt:3)
  A hellephant (Depths:1)
  2 electric golems (Zot:5)
  A Brimstone Fiend (D:9)
  7 tentacled monstrosities
  A lich (Crypt:3)
  23 Orb Guardians
  A walking crystal tome (Depths:2)
  A deep elf blademaster (Elf:2)
  5 titans
  A walking frostbound tome (Depths:2)
  4 quicksilver dragons
  An acid blob (Zot:5)
  3 sphinxes
  2 thorn hunters (Snake:2)
  13 ancient champions
  Frances (Snake:1)
  6 death cobs
  Polyphemus (Shoals:3)
  An Executioner (Zot:5)
  7 storm dragons
  Agnes (Snake:2)
  Aizul (Snake:4)
  7 shadow dragons
  10 tengu reavers
  2 revenants
  Donald (Shoals:1)
  3 draconian monks
  A fenstrider witch (shapeshifter) (Vaults:4)
  3 nagarajas (Snake:4)
  5 fire giants
  2 draconian knights
  10 frost giants
  3 deep elf sorcerers (Elf:3)
  7 draconian shifters
  Louise (Depths:4)
  12 vault wardens
  2 deep elf elementalists (Elf:3)
  A ghost moth (Zot:4)
  15 ghouls
  7 curse skulls
  3 draconian scorchers
  A reaper (Crypt:3)
  2 draconian stormcallers
  4 draconian annihilators
  19 ironbound preservers
  2 war gargoyles
  A quicksilver ooze (IceCv)
  An orc warlord (Vaults:3)
  21 stone giants
  2 cacodemons
  2 ironbound thunderhulks
  A quicksilver ooze (shapeshifter) (Vaults:5)
  A demonspawn corrupter (Depths:4)
  5 very ugly things
  4 formless jellyfish
  7 vampire knights
  A juggernaut skeleton (Crypt:2)
  11 green draconians
  Azrael (Snake:2)
  2 deep elf demonologists (Elf:3)
  5 black draconians
  8 spark wasps
  4 purple draconians
  14 dire elephants
  2 deep elf annihilators
  7 white draconians
  3 yellow draconians
  6 red draconians
  The ghost of Ducw the Destroyer, a journeyman DsFE of Vehumet (Lair:4)
  5 merfolk javelineers
  3 eidola
  A crystal guardian (Vaults:4)
  13 ettins
  7 deep elf death magi
  A green death (Zot:5)
  9 merfolk impalers (Shoals:4)
  3 entropy weavers
  13 jiangshi
  A blizzard demon (Depths:2)
  2 mummy priests (Crypt:3)
  A spriggan zombie (Crypt:2)
  A quicksilver dragon zombie (Crypt:3)
  5 fire dragons
  6 great orbs of eyes
  10 yaktaur captains
  A hydra (shapeshifter) (Vaults:5)
  A deep elf high priest (Vaults:5)
  5 spriggan air magi
  5 hydras
  24 vault guards
  4 salamander tyrants (Snake:4)
  3 demonspawn (Orc:2)
  9 ice dragons
  2 rakshasas
  7 centaur warriors
  7 anacondas
  A caustic shrike simulacrum (Depths:1)
  An alligator snapping turtle (Shoals:1)
  3 merfolk avatars
  3 ogre magi
  3 merfolk aquamancers
  3 satyrs
  A peacekeeper (Vaults:4)
  3 alligators (Snake:2)
  6 ironbound frosthearts
  2 death knights
  4 boulder beetles
  A catoblepas (Shoals:4)
  19 naga warriors
  22 dancing weapons
  2 tengu warriors
  8 deep troll shamans
  5 orc high priests (Orc:2)
  A titan zombie (Depths:2)
  8 hell hogs (Depths:1)
  14 two-headed ogres
  7 vampire magi
  7 death yaks
  9 deep troll earth magi
  A shock serpent (Snake:4)
  16 naga sharpshooters
  A soul eater (Depths:2)
  16 hell knights
  16 deep elf knights
  Urug (D:13)
  An emperor scorpion zombie (Crypt:1)
  2 spriggan berserkers
  A sun demon (Orc:2)
  3 sixfirhies
  A salamander mystic (Snake:3)
  4 skysharks
  57 skeletal warriors
  11 iron trolls
  2 golden dragon zombies (Depths:1)
  A goliath frog (Snake:2)
  A spark wasp zombie (Crypt:3)
  5 shadow wraiths
  2 anaconda zombies (Crypt:2)
  11 sea snakes
  A death drake (Depths:1)
  59 deep trolls
  4 deep elf archers
  A bunyip zombie (Crypt:3)
  2 golden dragon skeletons (Crypt:3)
  3 glowing orange brains
  A death drake (shapeshifter) (D:15)
  6 flayed ghosts
  A shadow demon (Depths:4)
  5 naga ritualists (Snake:4)
  6 bog bodies
  15 lindwurms
  4 swamp dragons (Snake:2)
  10 phantasmal warriors
  8 wizards
  24 deep elf pyromancers
  18 ironbound convokers
  20 harpies
  12 necromancers
  23 deep elf zephyrmancers
  10 orc knights
  6 cyclopes
  2 mana vipers
  7 orc sorcerers
  14 ugly things
  13 manticores
  6 salamanders
  7 fauns
  A wolf spider (shapeshifter) (Vaults:5)
  An iron dragon skeleton (Crypt:2)
  A cyclops (shapeshifter) (Vaults:5)
  A stone giant skeleton (Depths:1)
  A frost giant zombie (Crypt:2)
  8 moths of wrath
  A tengu skeleton (Depths:1)
  A dire elephant zombie (Crypt:2)
  An elephant (shapeshifter) (Vaults:5)
  2 ice statues (IceCv)
  12 water nymphs
  2 gargoyles (D:13)
  A guardian serpent (Snake:3)
  21 vault sentinels
  9 merfolk sirens
  A frost giant skeleton (Vaults:3)
  13 cane toads
  24 black mambas
  21 naga magi
  5 rime drakes
  An orange demon (D:1)
  2 unseen horrors
  A grey draconian zombie (Crypt:1)
  7 komodo dragons
  A tengu conjurer (D:13)
  A centaur skeleton (Crypt:3)
  3 ice devils
  3 freezing wraiths
  7 guardian mummies
  22 yaktaurs
  16 merfolk
  An iron troll skeleton (Crypt:3)
  A tengu simulacrum (Depths:1)
  A hellwing (Orc:2)
  A meliai (shapeshifter) (Vaults:5)
  6 meliai
  A queen bee (shapeshifter) (Vaults:5)
  A polar bear (Lair:2)
  6 trolls
  2 human skeletons
  A death drake zombie (Crypt:2)
  9 wind drakes
  11 blink frogs
  A harpy skeleton (Crypt:3)
  A harpy zombie (Crypt:1)
  Prince Ribbit (D:5)
  A dream sheep (shapeshifter) (D:13)
  A tarantella zombie (Crypt:2)
  A human simulacrum (Vaults:3)
  2 dream sheep (Shoals:3)
  5 air elementals (Shoals:4)
  17 flying skulls
  A culicivora (Vaults:1)
  8 snapping turtles
  An ice dragon skeleton (Crypt:3)
  A shadow (D:12)
  An ushabti (Crypt:3)
  59 slime creatures
  14 water elementals
  10 wraiths
  An ettin skeleton (Depths:1)
  11 wyverns
  A human (shapeshifter) (Vaults:5)
  46 yaks
  12 basilisks
  An elf zombie (Vaults:3)
  4 vampires (WizLab)
  2 humans (D:8)
  A steam dragon (Lair:5)
  A black mamba skeleton (Crypt:2)
  A fire elemental (Elf:1)
  4 redbacks
  Grum (D:11)
  10 vampire mosquitoes (D:12)
  A skyshark zombie (Crypt:3)
  5 two-headed ogre zombies (WizLab)
  An acid dragon (D:12)
  An entropy weaver zombie (Crypt:1)
  44 nagas
  5 swamp worms (Snake:2)
  2 wargs
  15 water moccasins
  9 hell hounds
  A deep troll zombie (Crypt:2)
  A floating eye (Depths:3)
  5 ogre zombies
  3 black bears
  2 swamp drakes (Snake:2)
  3 ice beasts
  2 great orb of eyes simulacra (IceCv)
  4 ogres
  36 orc warriors
  4 boggarts (Vaults:3)
  A blink frog zombie (Crypt:2)
  21 wolves
  15 centaurs
  A phantom (D:6)
  3 slime creature simulacra (IceCv)
  A kobold brigand (D:11)
  A gnoll sergeant (D:10)
  4 necrophages
  12 bullfrogs
  3 scorpions
  4 glowing shapeshifter simulacra (IceCv)
  A naga simulacrum (Crypt:3)
  An earth elemental (Elf:2)
  19 wights
  6 troll zombies (WizLab)
  6 killer bees
  5 howler monkeys
  4 electric eels
  6 lava snakes
  3 human zombies (Crypt:1)
  2 jellies
  2 gnoll boudas
  4 hounds
  20 orc priests
  Terence (D:3)
  3 iguanas
  22 orc wizards
  A naga skeleton (Crypt:1)
  2 mummies (Crypt:1)
  Robin (D:2)
  15 gnolls
  8 adders
  A shadow imp (D:5)
  A white imp (D:5)
  An ufetubus (D:5)
  An iguana zombie (Crypt:3)
  3 dart slugs
  67 orcs
  10 ball pythons
  A bat skeleton (Crypt:1)
  A bat zombie (Crypt:3)
  4 endoplasms
  3 giant cockroaches
  13 goblins
  9 hobgoblins
  3 jackals (D:2)
  8 kobolds
  4 quokkas
  7 bats
  4 frilled lizards
  A giant cockroach zombie (Crypt:1)
  A hobgoblin zombie (Crypt:3)
  A jackal skeleton (Crypt:3)
  6 rats
  A rat zombie (Crypt:1)
  A spectral orc (D:7)
2020 creatures vanquished.

Vanquished Creatures (collateral kills)
  Norris (Vaults:3)
  A tengu reaver (Vaults:3)
  A fire giant (Depths:2)
  A skyshark (Vaults:3)
4 creatures vanquished.

Vanquished Creatures (others)
  2 deep elf blademasters (Elf:3)
  3 deep elf master archers (Elf:3)
  A shadow dragon (Depths:2)
  2 azure jellies (IceCv)
  4 deep elf sorcerers (Elf:3)
  3 deep elf elementalists (Elf:3)
  A caustic shrike skeleton (Depths:2)
  A vampire knight (Depths:2)
  2 deep elf demonologists (Elf:3)
  A spark wasp (Depths:1)
  5 deep elf annihilators (Elf:3)
  4 deep elf death magi (Elf:3)
  3 deep elf high priests (Elf:3)
  A merfolk aquamancer (Shoals:4)
  4 hell knights (Depths:2)
  3 deep elf knights
  2 deep trolls
  A necromancer (Depths:2)
  3 deep elf pyromancers
  An orc warrior (Orc:2)
  17 starspawn tentacles
64 creatures vanquished.

Grand Total: 2088 creatures vanquished

Notes
Turn   | Place    | Note
-------+----------+-------------------------------------------
     0 | D:1      | snuffles the Gnoll Warper began the quest for the Orb.
     0 | D:1      | Reached XP level 1. HP: 20/20 MP: 6/6
   181 | D:1      | Reached XP level 2. HP: 23/26 MP: 7/7
   185 | D:1      | Learned a level 2 spell: Blink
   563 | D:2      | Found a faded altar of an unknown god.
   576 | D:2      | Reached skill level 5 in Spellcasting
   576 | D:2      | Reached XP level 3. HP: 27/31 MP: 7/9
   615 | D:2      | Prayed at the altar of an unknown god.
   615 | D:2      | Became a worshipper of Lugonu the Unformed
   615 | D:2      | Reached * piety under Lugonu
   636 | D:2      | Reached skill level 1 in Invocations
   732 | D:2      | Noticed Robin
   844 | D:2      | Reached skill level 1 in Short Blades
   844 | D:2      | Reached skill level 1 in Axes
   844 | D:2      | Reached skill level 1 in Maces & Flails
   844 | D:2      | Reached skill level 1 in Polearms
   844 | D:2      | Reached skill level 1 in Staves
   844 | D:2      | Reached skill level 1 in Ranged Weapons
   844 | D:2      | Reached skill level 1 in Stealth
   844 | D:2      | Reached skill level 1 in Shields
   844 | D:2      | Reached skill level 1 in Unarmed Combat
   844 | D:2      | Reached skill level 1 in Evocations
  1130 | D:2      | Reached skill level 1 in Shapeshifting
  1130 | D:2      | Reached XP level 4. HP: 38/38 MP: 11/11
  1470 | D:2      | Reached skill level 1 in Conjurations
  1470 | D:2      | Reached skill level 1 in Hexes
  1470 | D:2      | Reached skill level 1 in Summonings
  1470 | D:2      | Reached skill level 1 in Necromancy
  1470 | D:2      | Reached skill level 1 in Transmutations
  1470 | D:2      | Reached skill level 1 in Fire Magic
  1470 | D:2      | Reached skill level 1 in Ice Magic
  1470 | D:2      | Reached skill level 1 in Air Magic
  1470 | D:2      | Reached skill level 1 in Earth Magic
  1470 | D:2      | Reached skill level 1 in Poison Magic
  1541 | D:2      | Reached ** piety under Lugonu
  2374 | D:3      | Reached XP level 5. HP: 43/43 MP: 12/12
  2723 | D:3      | Noticed Terence
  2737 | D:3      | Killed Terence
  2805 | D:3      | Found a shadowy altar of Dithmenos.
  3657 | D:4      | Reached skill level 5 in Fighting
  3657 | D:4      | Reached skill level 5 in Long Blades
  3657 | D:4      | Reached skill level 5 in Dodging
  3657 | D:4      | Reached XP level 6. HP: 46/51 MP: 14/14
  4030 | D:4      | Found a radiant altar of Vehumet.
  4031 | D:4      | Noticed a wyvern
  4035 | D:4      | Reached skill level 2 in Shields
  4059 | D:4      | Killed a wyvern
  4060 | D:4      | Reached XP level 7. HP: 21/56 MP: 13/15
  4446 | D:5      | Entered Level 5 of the Dungeon
  4559 | D:5      | Noticed Prince Ribbit
  4599 | D:5      | Reached *** piety under Lugonu
  5048 | D:5      | Identified the +0 helmet of Forejumy {-Tele rF++ Str+3}
  5424 | D:5      | Found a runed translucent door.
  5425 | D:5      | Noticed Crazy Yiuf
  6021 | D:6      | Reached skill level 3 in Shields
  6021 | D:6      | Reached XP level 8. HP: 63/63 MP: 16/16
  6032 | D:6      | Found a staircase to the Ecumenical Temple.
  6516 | D:6      | Identified the +3 rapier "Xuxzoete" {heavy, rC++ Dex+3}
  6968 | D:6      | Found a snail-covered altar of Cheibriados.
  7043 | D:7      | Reached XP level 9. HP: 69/69 MP: 18/18
  7096 | D:7      | Found a glowing golden altar of the Shining One.
  7127 | D:7      | Reached skill level 4 in Shields
  7390 | D:7      | Found a basalt altar of Yredelemnul.
  7866 | D:5      | Killed Prince Ribbit
  7867 | D:5      | Reached skill level 5 in Throwing
  7867 | D:5      | Reached skill level 5 in Armour
  8348 | D:2      | Killed Robin
  8517 | D:8      | Reached skill level 5 in Invocations
  8596 | D:8      | Learned a level 1 spell: Apportation
  8640 | D:8      | Found a blossoming altar of Fedhas.
  8644 | D:8      | Found an ornate altar of the Wu Jian Council.
  8647 | D:8      | Identified the +0 robe of Joguly {rN+ Dex+3}
  8648 | D:8      | Found a sacrificial altar of Ru.
  8650 | D:8      | Found a glowing silver altar of Zin.
  8656 | D:8      | Found a shimmering blue altar of Sif Muna.
  8671 | D:8      | Found a shimmering altar of Xom.
  8671 | D:8      | Found a shimmering altar of Xom.
  8672 | D:8      | Found a shimmering altar of Xom.
  8672 | D:8      | Found a shimmering altar of Xom.
  8672 | D:8      | Found a shimmering altar of Xom.
  8673 | D:8      | Found a shimmering altar of Xom.
  8675 | D:8      | Reached **** piety under Lugonu
  8678 | D:8      | Found a shimmering altar of Xom.
  8907 | D:8      | Reached XP level 10. HP: 45/74 MP: 20/20
  9027 | D:8      | Identified the ring "Qeclommi" {rF+ Will+ Stlth+}
  9094 | D:8      | Found an iron altar of Okawaru.
  9172 | D:8      | Reached skill level 5 in Short Blades
  9172 | D:8      | Reached skill level 5 in Axes
  9172 | D:8      | Reached skill level 5 in Maces & Flails
  9172 | D:8      | Reached skill level 5 in Polearms
  9172 | D:8      | Reached skill level 5 in Staves
  9172 | D:8      | Reached skill level 5 in Ranged Weapons
  9172 | D:8      | Reached skill level 5 in Stealth
  9172 | D:8      | Reached skill level 5 in Shields
  9172 | D:8      | Reached skill level 5 in Unarmed Combat
  9172 | D:8      | Reached skill level 5 in Evocations
  9474 | D:8      | Learned a level 2 spell: Wereblood
  9983 | D:9      | Reached skill level 5 in Shapeshifting
 10360 | D:9      | Found a staircase to the Orcish Mines.
 10406 | D:9      | Learned a level 4 spell: Manifold Assault
 10407 | D:10     | Entered Level 10 of the Dungeon
 10435 | D:10     | Noticed a two-headed ogre
 10491 | D:10     | Noticed a two-headed ogre
 10524 | D:10     | Noticed a two-headed ogre
 10534 | D:10     | Killed a two-headed ogre
 10723 | D:10     | Found Buubb's Changing Room.
 10728 | D:10     | Found a sparkling altar of Nemelex Xobeh.
 11041 | D:10     | Found a stormy altar of Qazlal.
 11096 | D:10     | Found Ywkief's Armour Boutique.
 11355 | D:10     | Reached XP level 11. HP: 84/84 MP: 22/22
 11369 | D:10     | Reached skill level 6 in Shields
 11373 | D:10     | Reached skill level 5 in Conjurations
 11373 | D:10     | Reached skill level 5 in Hexes
 11373 | D:10     | Reached skill level 5 in Summonings
 11373 | D:10     | Reached skill level 5 in Necromancy
 11373 | D:10     | Reached skill level 5 in Transmutations
 11373 | D:10     | Reached skill level 5 in Fire Magic
 11373 | D:10     | Reached skill level 5 in Ice Magic
 11373 | D:10     | Reached skill level 5 in Air Magic
 11373 | D:10     | Reached skill level 5 in Earth Magic
 11373 | D:10     | Reached skill level 5 in Poison Magic
 11491 | D:10     | Reached ***** piety under Lugonu
 11784 | D:11     | Noticed a two-headed ogre
 11796 | D:11     | Killed a two-headed ogre
 11992 | D:11     | Noticed Grum
 12354 | D:11     | Noticed Sonja
 12355 | D:11     | Sonja changed into Sonja the hornet
 12355 | D:11     | Noticed Sonja
 12358 | D:11     | Sonja the hornet changed into Sonja the rime drake
 12358 | D:11     | Noticed Sonja
 12370 | D:11     | Killed Sonja the rime drake
 12410 | D:11     | Noticed Maurice
 12412 | D:11     | Maurice changed into Maurice the hornet
 12412 | D:11     | Noticed Maurice
 12421 | D:11     | Maurice the hornet changed into Maurice the rime drake
 12421 | D:11     | Noticed Maurice
 12427 | D:11     | Killed Maurice the rime drake
 12558 | D:11     | Noticed a boulder beetle
 12579 | D:11     | Killed Grum
 12718 | D:11     | Killed a boulder beetle
 12745 | D:11     | Found a staircase to the Lair.
 13125 | D:11     | Learned a level 2 spell: Lesser Beckoning
 13196 | Lair:1   | Entered Level 1 of the Lair of Beasts
 13244 | Lair:1   | Noticed an oklob plant
 13252 | Lair:1   | Reached XP level 12. HP: 41/94 MP: 21/24
 13263 | Lair:1   | Reached skill level 7 in Shields
 15222 | Lair:2   | Noticed Amaemon
 15289 | Lair:2   | Banished Amaemon
 15596 | Lair:2   | Found a frozen archway.
 15637 | IceCv    | Entered an ice cave
 15787 | IceCv    | Noticed a quicksilver ooze
 15805 | IceCv    | HP: 3/95 [quicksilver ooze (3)]
 15819 | IceCv    | Killed a quicksilver ooze
 16424 | IceCv    | Identified the +3 ice dragon scales "Vahietis" {rF- rC++
                  | Dex+2 SInv}
 16500 | IceCv    | Reached XP level 13. HP: 76/101 MP: 26/26
 16583 | IceCv    | Reached skill level 8 in Shields
 17446 | IceCv    | Found a viscous altar of Jiyva.
 17446 | IceCv    | Noticed an azure jelly
 17449 | IceCv    | Noticed an azure jelly
 17450 | IceCv    | Corrupted IceCv
 17450 | IceCv    | Noticed a starcursed mass
 17450 | IceCv    | Noticed a tentacled starspawn
 17451 | IceCv    | Noticed a tentacled starspawn
 17452 | IceCv    | Killed an azure jelly
 17454 | IceCv    | Killed an azure jelly
 17456 | IceCv    | Noticed a tentacled monstrosity
 17599 | IceCv    | Got the ring "Alieck" {Fly rPois rC+ rN++ Str-5}
 19258 | Lair:3   | Found a staircase to the Snake Pit.
 19828 | Lair:3   | Reached skill level 10 in Spellcasting
 20370 | Lair:3   | Found a staircase to the Shoals.
 20633 | Lair:3   | Upgraded the game from 0.31-a0-845-g9abc20d24f to
                  | 0.31-a0-846-gb3bcc0d938
 20965 | Lair:4   | Reached skill level 10 in Fighting
 20965 | Lair:4   | Reached skill level 10 in Long Blades
 20965 | Lair:4   | Reached skill level 10 in Dodging
 21872 | Lair:4   | Reached skill level 9 in Shields
 21872 | Lair:4   | Reached XP level 14. HP: 101/110 MP: 28/28
 22397 | Lair:4   | Found a runed translucent gate.
 22398 | Lair:4   | Found a runed translucent gate.
 22398 | Lair:4   | Found a runed translucent gate.
 22398 | Lair:4   | Noticed Ducw's ghost (journeyman DsFE)
 22951 | Lair:5   | Entered Level 5 of the Lair of Beasts
 23000 | Lair:5   | Reached skill level 10 in Invocations
 23254 | Lair:5   | Noticed a quicksilver ooze
 24251 | Lair:5   | Found a large runed translucent door.
 24252 | Lair:5   | Found a large runed translucent door.
 25442 | D:12     | Found the +5 robe of Misfortune {Harm *Corrode *Slow EV+5}
 25813 | D:12     | Reached skill level 10 in Throwing
 25813 | D:12     | Reached skill level 10 in Armour
 25889 | D:12     | Found a radiant altar of Vehumet.
 26247 | Orc:1    | Entered Level 1 of the Orcish Mines
 27064 | Orc:1    | Found a burning altar of Makhleb.
 27155 | Orc:2    | Entered Level 2 of the Orcish Mines
 27349 | Orc:2    | Found Tocicwod's Tempting Trifles.
 27503 | Orc:2    | Found a staircase to the Elven Halls.
 27718 | Orc:2    | Found Emeasut's Jewellery Boutique.
 27720 | Orc:2    | Bought an amulet of reflection for 360 gold pieces
 27857 | Orc:2    | Reached ****** piety under Lugonu
 28428 | Orc:2    | Found Wicroez's Distillery.
 28456 | Orc:2    | Found Cynujup's Distillery.
 28827 | Orc:2    | Bought a potion of haste for 150 gold pieces
 28829 | Orc:2    | Bought a potion of degeneration for 16 gold pieces
 28829 | Orc:2    | Bought a potion of berserk rage for 80 gold pieces
 28832 | Orc:2    | Bought a potion of heal wounds for 80 gold pieces
 28832 | Orc:2    | Bought 3 potions of curing for 144 gold pieces
 29200 | Orc:2    | Reached skill level 10 in Translocations
 29331 | Orc:2    | Reached XP level 15. HP: 63/117 MP: 30/30
 29984 | Orc:2    | Reached skill level 10 in Short Blades
 29984 | Orc:2    | Reached skill level 10 in Axes
 29984 | Orc:2    | Reached skill level 10 in Maces & Flails
 29984 | Orc:2    | Reached skill level 10 in Polearms
 29984 | Orc:2    | Reached skill level 10 in Staves
 29984 | Orc:2    | Reached skill level 10 in Ranged Weapons
 29984 | Orc:2    | Reached skill level 10 in Stealth
 29984 | Orc:2    | Reached skill level 10 in Shields
 29984 | Orc:2    | Reached skill level 10 in Unarmed Combat
 29984 | Orc:2    | Reached skill level 10 in Evocations
 30363 | Orc:2    | Paralysed by an orc sorcerer for 5 turns
 30371 | Orc:2    | Paralysed by an orc sorcerer for 5 turns
 31331 | Orc:2    | Found Aji Fent's Jewellery Shoppe.
 31331 | Orc:2    | Found a one-way gate leading to the halls of Pandemonium.
 31331 | Orc:2    | Found Qihiac's Antique Armour Emporium.
 31626 | Orc:2    | Bought the amulet "Buebam" {Reflect Str+7 SH+5} for 568
                  | gold pieces
 31839 | D:13     | Noticed Urug
 31847 | D:13     | Killed Urug
 32658 | D:13     | Identified the +6 hand axe "Xianipsi" {flame, rF+}
 32897 | D:13     | Learned a level 4 spell: Vhi's Electric Charge
 32902 | D:13     | Learned a level 4 spell: Passage of Golubria
 33086 | D:14     | Identified a scroll of acquirement
 33086 | D:14     | Acquired the ring "Cijig" {AC+4 Slay+3}
 33110 | D:14     | Found a stormy altar of Qazlal.
 33384 | Abyss:2  | Cast into level 2 of the Abyss (a wizard)
 33385 | D:14     | Escaped the Abyss
 33406 | D:14     | Found a gate to the Vaults.
 33413 | D:14     | Acquired 747 gold pieces
 33999 | D:14     | Found Tuen's Antique Armour Boutique.
 34005 | D:14     | Bought a runed cloak for 172 gold pieces
 34217 | D:15     | Entered Level 15 of the Dungeon
 34381 | D:15     | Found a staircase to the Depths.
 34381 | D:15     | Noticed a fire giant
 34395 | D:15     | Banished a fire giant
 34706 | D:15     | Noticed Roxanne
 34858 | D:15     | Reached XP level 16. HP: 111/127 MP: 22/31
 35426 | D:15     | Learned a level 4 spell: Dispel Undead
 35675 | Lair:4   | Killed Ducw's ghost
 35676 | Lair:4   | Reached skill level 10 in Shapeshifting
 35836 | Shoals:1 | Entered Level 1 of the Shoals
 35865 | Shoals:1 | Found Udghiym's Weapon Shoppe.
 35866 | Shoals:1 | Noticed Donald
 35877 | Shoals:1 | Killed Donald
 36229 | Shoals:1 | Reached skill level 11 in Shields
 36500 | Shoals:1 | Learned a level 3 spell: Confusing Touch
 37008 | Shoals:1 | Noticed Nikola
 37077 | Shoals:1 | Killed Nikola
 37339 | Shoals:1 | Identified the +3 chain mail of Courage {Slay+2}
 37566 | Shoals:2 | Acquired the amulet "Yfaongim" {Spirit rElec rF++ Will-
                  | Slay+2}
 37709 | Shoals:2 | Identified the +0 leather armour of Wontao {rPois}
 37920 | Shoals:2 | Noticed Mlioglotl
 38047 | Shoals:2 | Noticed a kraken
 39787 | Shoals:3 | Noticed Jorgrun
 40308 | Shoals:4 | Entered Level 4 of the Shoals
 40314 | Shoals:4 | Noticed Polyphemus
 40435 | Shoals:3 | Killed Polyphemus
 41106 | Shoals:4 | Reached XP level 17. HP: 72/134 MP: 29/33
 41870 | Shoals:4 | Paralysed by an air elemental for 1 turns
 41873 | Shoals:4 | Paralysed by an air elemental for 1 turns
 41876 | Shoals:4 | Paralysed by an air elemental for 1 turns
 41878 | Shoals:4 | Paralysed by an air elemental for 1 turns
 42792 | Shoals:4 | Paralysed by an air elemental for 1 turns
 42894 | Shoals:4 | Paralysed by an air elemental for 1 turns
 43042 | Shoals:4 | Reached skill level 10 in Conjurations
 43042 | Shoals:4 | Reached skill level 10 in Hexes
 43042 | Shoals:4 | Reached skill level 10 in Summonings
 43042 | Shoals:4 | Reached skill level 10 in Necromancy
 43042 | Shoals:4 | Reached skill level 10 in Transmutations
 43042 | Shoals:4 | Reached skill level 10 in Fire Magic
 43042 | Shoals:4 | Reached skill level 10 in Ice Magic
 43042 | Shoals:4 | Reached skill level 10 in Air Magic
 43042 | Shoals:4 | Reached skill level 10 in Earth Magic
 43042 | Shoals:4 | Reached skill level 10 in Poison Magic
 43497 | Shoals:4 | Identified the +12 quarterstaff of Lekuah {freeze, rF+}
 44846 | Shoals:4 | Got a barnacled rune of Zot
 45260 | Snake:1  | Entered Level 1 of the Snake Pit
 45263 | Snake:1  | Reached skill level 12 in Shields
 45401 | Snake:1  | Noticed Frances
 45433 | Snake:1  | Killed Frances
 47214 | Snake:2  | Noticed Azrael
 47639 | Snake:2  | Noticed Agnes
 47650 | Snake:2  | Killed Agnes
 48200 | Snake:2  | Found Vev Fyisk's Assorted Antiques.
 48207 | Snake:2  | Bought a scroll of blinking for 255 gold pieces
 48370 | Snake:2  | Reached XP level 18. HP: 91/143 MP: 3/35
 49166 | Snake:2  | Killed Azrael
 49420 | Snake:2  | Found a bloodstained altar of Trog.
 50688 | Snake:3  | Learned a level 4 spell: Airstrike
 51962 | Snake:4  | Entered Level 4 of the Snake Pit
 52158 | Snake:4  | Noticed Aizul
 52309 | Snake:4  | Killed Aizul
 53685 | Snake:4  | Found a runed translucent gate.
 53686 | Snake:4  | Found a runed translucent gate.
 53828 | Snake:4  | Found a runed translucent gate.
 54636 | Snake:4  | Got a serpentine rune of Zot
 55192 | Snake:4  | Noticed Ruet's ghost (adept AtFi)
 55192 | Snake:4  | Noticed Viysato's ghost (adept DESu)
 55192 | Snake:4  | Noticed Pos Urai's ghost (adept MiBe)
 55533 | Elf:1    | Entered Level 1 of the Elven Halls
 55552 | Elf:1    | Reached skill level 13 in Shields
 55560 | Elf:1    | Found a radiant altar of Vehumet.
 55676 | Elf:1    | Reached XP level 19. HP: 151/151 MP: 36/36
 55835 | Elf:1    | Found Koofed's Jewellery Emporium.
 55960 | Elf:1    | Found Woriunk's Assorted Antiques.
 55968 | Elf:1    | Bought a pair of glowing boots for 150 gold pieces
 56143 | Elf:1    | Found Sila's Antique Armour Shoppe.
 56152 | Elf:1    | Bought a pair of runed gloves for 225 gold pieces
 56453 | Elf:1    | Got a ragged book
 57437 | Elf:2    | Found a huge runed translucent gate.
 57437 | Elf:2    | Found a huge runed translucent gate.
 57437 | Elf:2    | Found a huge runed translucent gate.
 57437 | Elf:2    | Found a huge runed translucent gate.
 57437 | Elf:2    | Found a huge runed translucent gate.
 59052 | Elf:3    | Entered Level 3 of the Elven Halls
 59065 | Elf:3    | Identified the +0 scale mail "Rynueg" {Int+3}
 59407 | Elf:3    | Found a shimmering blue altar of Sif Muna.
 59413 | Elf:3    | Found Wasmuly's Armour Emporium.
 59840 | Elf:3    | Corrupted Elf:3
 60040 | Elf:3    | Identified the ring of Fatroh Ydiy {rPois rF+ rC- Will+}
 60393 | Elf:3    | Identified the +2 flail "Cysmy" {heavy, rC+ Dex+3}
 60505 | Elf:3    | Got a whispering book
 60537 | Elf:3    | Identified the +3 scale mail of Classification {+Inv rF-
                  | Will+ Int+3}
 60543 | Elf:3    | Identified the +1 scale mail of Zygy {rElec rC++ Stlth+}
 60655 | Elf:3    | Identified the ring "Ofeafem" {rF- rN++ EV+5 Int+3}
 60673 | Elf:3    | Got an engraved book
 60680 | Elf:3    | Learned a level 5 spell: Silence
 60685 | Elf:3    | Learned a level 4 spell: Animate Armour
 61066 | Vaults:1 | Entered Level 1 of the Vaults
 61516 | Vaults:1 | Paralysed by a formless jellyfish for 1 turns
 62110 | Vaults:1 | Reached XP level 20. HP: 160/160 MP: 38/38
 62970 | Vaults:1 | Reached skill level 15 in Invocations
 63794 | Vaults:2 | Reached skill level 14 in Shields
 64044 | Vaults:2 | Found Fimuis's Book Emporium.
 64045 | Vaults:2 | Acquired 1147 gold pieces
 64226 | Vaults:2 | Noticed Jory
 64416 | Vaults:2 | Found Iraorounk's Book Shop.
 64493 | Vaults:2 | Bought a manual of Shields for 1200 gold pieces
 64681 | Vaults:2 | Found a staircase to the Crypt.
 64886 | Vaults:2 | Reached skill level 15 in Spellcasting
 65384 | Vaults:2 | Paralysed by a formless jellyfish for 1 turns
 65585 | Vaults:2 | Killed Jory
 65718 | Vaults:2 | Found Egelusy's Antique Armour Emporium.
 65777 | Vaults:2 | Bought an encrusted chain mail for 342 gold pieces
 65777 | Vaults:2 | Identified the +0 chain mail of Ethereal Brilliance {Dex+3
                  | Stlth+} (You bought it in a shop on level 2 of the Vaults)
 65874 | Vaults:3 | Reached skill level 15 in Fighting
 65874 | Vaults:3 | Reached skill level 15 in Long Blades
 65874 | Vaults:3 | Reached skill level 15 in Dodging
 66117 | Vaults:3 | Reached XP level 21. HP: 139/168 MP: 40/40
 66433 | Vaults:3 | Noticed Norris
 66452 | Vaults:3 | Killed Norris
 66529 | Vaults:3 | Noticed Bai Suzhen
 66549 | Vaults:3 | Killed Bai Suzhen
 66695 | Vaults:3 | Noticed Sojobo
 66712 | Vaults:3 | Killed Sojobo
 66985 | Vaults:3 | Reached skill level 15 in Shields
 67502 | Vaults:3 | Paralysed by a formless jellyfish for 1 turns
 68695 | Vaults:4 | Noticed Boris
 68715 | Vaults:4 | Killed Boris
 69322 | Vaults:4 | Reached skill level 15 in Throwing
 69322 | Vaults:4 | Reached skill level 15 in Armour
 69608 | Vaults:4 | Found Giomipal's Assorted Antiques.
 69616 | Vaults:4 | Bought a scroll of teleportation for 135 gold pieces
 69616 | Vaults:4 | Bought 2 scrolls of enchant armour for 675 gold pieces
 70093 | Crypt:1  | Entered Level 1 of the Crypt
 70131 | Crypt:1  | Noticed Boris
 70150 | Crypt:1  | Killed Boris
 70931 | Crypt:1  | Found a transporter.
 70939 | Crypt:1  | Noticed Dyigyrgh's ghost (adept GrFi)
 70956 | Crypt:1  | Found a transporter.
 71065 | Crypt:1  | Reached skill level 15 in Short Blades
 71065 | Crypt:1  | Reached skill level 15 in Axes
 71065 | Crypt:1  | Reached skill level 15 in Maces & Flails
 71065 | Crypt:1  | Reached skill level 15 in Polearms
 71065 | Crypt:1  | Reached skill level 15 in Staves
 71065 | Crypt:1  | Reached skill level 15 in Ranged Weapons
 71065 | Crypt:1  | Reached skill level 15 in Stealth
 71065 | Crypt:1  | Reached skill level 15 in Unarmed Combat
 71065 | Crypt:1  | Reached skill level 15 in Evocations
 71383 | Crypt:1  | Reached XP level 22. HP: 175/176 MP: 32/41
 71958 | Crypt:2  | Reached skill level 16 in Shields
 74086 | Crypt:2  | Found a runed translucent gate.
 74086 | Crypt:2  | Found a runed translucent gate.
 74086 | Crypt:2  | Found a runed translucent gate.
 74087 | Crypt:2  | Noticed Micliseo's ghost (adept GrFi)
 74853 | Crypt:3  | Entered Level 3 of the Crypt
 76229 | Crypt:3  | Noticed a curse toe
 76236 | Crypt:3  | Killed a curse toe
 76311 | Crypt:3  | Identified the ring of Wypuvih {rN+ Will+ Int+2}
 76656 | Crypt:3  | Reached skill level 17 in Shields
 76879 | Crypt:3  | Found a staircase to the Tomb.
 77233 | Crypt:3  | Reached XP level 23. HP: 144/184 MP: 20/43
 77723 | Crypt:3  | Found a basalt altar of Yredelemnul.
 77730 | Crypt:3  | Found an ancient bone altar of Kikubaaqudgha.
 77801 | Crypt:3  | Got a tattered book
 77809 | Crypt:3  | Identified the +8 dagger of Vengeance {drain, rPois rC+
                  | Str+2 Stlth+}
 78649 | Depths:1 | Entered Level 1 of the Depths
 78733 | Depths:1 | Found a one-way gate to the infinite horrors of the Abyss.
 78734 | Depths:1 | Acquired the +3 pair of gauntlets of War {Slay+5}
 78734 | Depths:1 | Found the +3 pair of gauntlets of War {Slay+5}
 78980 | Depths:1 | Learned a level 5 spell: Freezing Cloud
 79672 | Depths:1 | Found a runed translucent door.
 80192 | Depths:1 | Found a gateway to Hell.
 80823 | Depths:2 | Found Cuepruig's Vocational Training.
 80888 | Depths:2 | Found a magical portal.
 80903 | WizLab   | Entered Zonguldrok's Shrine
 81352 | WizLab   | Noticed an antique lich
 81366 | WizLab   | Killed an antique lich
 81400 | WizLab   | Found the +9 sword of Zonguldrok {reap}
 81820 | Depths:2 | Corrupted Depths:2
 82187 | Depths:2 | Reached skill level 18 in Shields
 82625 | Depths:2 | Noticed a golden dragon
 82636 | Depths:2 | Killed a golden dragon
 82640 | Depths:2 | Reached skill level 15 in Shapeshifting
 82978 | Depths:2 | Identified the +1 ring mail of Ibuddy {Rampage Int-4 Dex+3}
 83738 | Depths:3 | Reached XP level 24. HP: 168/168 MP: 44/44
 84047 | Depths:3 | Found Qatucamp's Distillery.
 84052 | Depths:3 | Bought a potion of haste for 220 gold pieces
 84052 | Depths:3 | Bought a potion of heal wounds for 110 gold pieces
 84052 | Depths:3 | Bought a potion of haste for 220 gold pieces
 84938 | Depths:4 | Entered Level 4 of the Depths
 85363 | Depths:4 | Reached skill level 15 in Translocations
 85587 | Depths:4 | Identified the +2 pair of boots of Untold Secrets {+Inv
                  | rCorr Int-2}
 85816 | Depths:4 | Found a one-way gateway to a ziggurat.
 86036 | Depths:4 | Noticed Louise
 86049 | Depths:4 | Killed Louise
 86161 | Depths:4 | Noticed a caustic shrike
 86162 | Depths:4 | Noticed a caustic shrike
 86174 | Depths:4 | Killed a caustic shrike
 86182 | Depths:4 | Noticed a caustic shrike
 86184 | Depths:4 | Noticed a caustic shrike
 86194 | Depths:4 | Killed a caustic shrike
 86206 | Depths:4 | Killed a caustic shrike
 86225 | Depths:4 | Killed a caustic shrike
 86422 | Depths:4 | Identified the amulet of the Fifty Olives {Spirit Fly rElec
                  | Dex+3}
 86647 | Depths:4 | Reached skill level 19 in Shields
 86885 | Depths:4 | Found a gate to the Realm of Zot.
 87516 | Vaults:5 | Entered Level 5 of the Vaults
 87824 | Vaults:5 | Noticed Mara
 87954 | Vaults:5 | Noticed snuffles's illusion
 88140 | Vaults:5 | Noticed snuffles's illusion
 88346 | Vaults:5 | Noticed snuffles's illusion
 88361 | Vaults:4 | Reached XP level 25. HP: 111/202 MP: 44/44
 88537 | Vaults:5 | Noticed snuffles's illusion
 88744 | Vaults:5 | Noticed snuffles's illusion
 88757 | Vaults:4 | Killed Mara
 89274 | Vaults:5 | Identified the +6 spear "Naratzai" {flame, rN+ SInv}
 89423 | Vaults:5 | Identified the +6 flail "Transmigrator" {pain, rElec rC+}
 89463 | Vaults:5 | Got a peculiar book
 89728 | Vaults:5 | Identified the staff of the Grave {rF+ rN+ Int-5 SInv Fire}
 89769 | Vaults:5 | Identified the +2 leather armour "Lyimext" {Str+3 Dex+3}
 89904 | Vaults:5 | Found the +15 Maxwell's patent armour {-Cast -Tele rElec
                  | Will+ rCorr}
 89922 | Vaults:5 | Identified the +7 morningstar "Worm's Wrath" {venom, Dex+3}
 89923 | Vaults:5 | Noticed Saint Roka
 89952 | Vaults:5 | Killed Saint Roka
 90166 | Vaults:5 | Identified the +0 leather armour "Xuth" {rPois Int+2}
 90407 | Vaults:5 | Learned a level 6 spell: Dispersal
 90822 | Vaults:5 | Got a silver rune of Zot
 91484 | Orc:2    | Bought a potion of haste for 150 gold pieces
 91484 | Orc:2    | Bought a potion of might for 60 gold pieces
 91484 | Orc:2    | Bought a potion of cancellation for 120 gold pieces
 91484 | Orc:2    | Bought a potion of cancellation for 120 gold pieces
 91484 | Orc:2    | Bought a potion of might for 60 gold pieces
 91484 | Orc:2    | Bought a potion of might for 60 gold pieces
 91811 | Zot:1    | Entered Level 1 of the Realm of Zot
 91868 | Zot:1    | Reached skill level 20 in Shields
 92500 | Zot:1    | Noticed an orb of fire
 92525 | Zot:1    | Gained mutation: You are dopey. (Int -2) [an orb of fire]
 92547 | Zot:1    | Gained mutation: Your magical capacity is low. (-10% MP)
                  | [an orb of fire]
 92551 | Zot:1    | Killed an orb of fire
 93339 | Elf:1    | Bought the ring of Noon {Fire rElec Will+} for 624 gold
                  | pieces
 94274 | Zot:4    | Reached skill level 15 in Conjurations
 94274 | Zot:4    | Reached skill level 15 in Hexes
 94274 | Zot:4    | Reached skill level 15 in Summonings
 94274 | Zot:4    | Reached skill level 15 in Necromancy
 94274 | Zot:4    | Reached skill level 15 in Transmutations
 94274 | Zot:4    | Reached skill level 15 in Fire Magic
 94274 | Zot:4    | Reached skill level 15 in Ice Magic
 94274 | Zot:4    | Reached skill level 15 in Air Magic
 94274 | Zot:4    | Reached skill level 15 in Earth Magic
 94274 | Zot:4    | Reached skill level 15 in Poison Magic
 94288 | Zot:4    | Noticed an orb of fire
 94290 | Zot:4    | Gained mutation: You have hidden genetic defects. [an orb
                  | of fire]
 94308 | Zot:4    | Killed an orb of fire
 94412 | Zot:4    | Lost mutation: You are dopey. (Int -2) [potion of mutation]
 94412 | Zot:4    | Lost mutation: Your magical capacity is low. (-10% MP)
                  | [potion of mutation]
 94412 | Zot:4    | Lost mutation: You have hidden genetic defects. [potion of
                  | mutation]
 94412 | Zot:4    | Gained mutation: You are partially covered in iridescent
                  | scales. (AC +2) [potion of mutation]
 94412 | Zot:4    | Gained mutation: You are robust. (+10% HP) [potion of
                  | mutation]
 94572 | Zot:5    | Entered Level 5 of the Realm of Zot
 94667 | Zot:5    | Identified the +8 shortbow "Spiderbane" {antimagic, rPois}
 94676 | Zot:5    | Identified the +0 chain mail of Darkness {SInv}
 94820 | Zot:5    | Reached XP level 26. HP: 195/232 MP: 45/45
 95016 | Zot:5    | Noticed an orb of fire
 95035 | Zot:5    | Noticed a Killer Klown
 95048 | Zot:5    | Killed a Killer Klown
 95381 | Zot:5    | Noticed a Killer Klown
 95398 | Zot:5    | Killed a Killer Klown
 95490 | Zot:5    | Noticed a Killer Klown
 95511 | Zot:5    | Killed a Killer Klown
 95558 | Zot:5    | Noticed a Killer Klown
 95588 | Zot:5    | Killed a Killer Klown
 95737 | Zot:5    | Noticed a Killer Klown
 95842 | Zot:5    | Noticed an orb of fire
 95852 | Zot:5    | Gained mutation: You are clumsy. (Dex -2) [an orb of fire]
 95856 | Zot:5    | Killed an orb of fire
 95869 | Zot:5    | Killed an orb of fire
 95876 | Zot:5    | a Killer Klown changed into an acid blob
 96010 | Zot:5    | Noticed an orb of fire
 96032 | Zot:5    | Killed an orb of fire
 96069 | Zot:5    | Reached skill level 21 in Shields
 96139 | Zot:5    | Noticed an orb of fire
 96171 | Zot:5    | Gained mutation: You occasionally lose the ability to drink
                  | potions when taking damage. [an orb of fire]
 96176 | Zot:5    | Noticed an orb of fire
 96177 | Zot:5    | Gained mutation: You sometimes lose your temper in combat.
                  | [an orb of fire]
 96180 | Zot:5    | Killed an orb of fire
 96209 | Zot:5    | Killed an orb of fire
 96410 | Zot:5    | Lost mutation: You are clumsy. (Dex -2) [potion of
                  | mutation]
 96410 | Zot:5    | Lost mutation: You occasionally lose the ability to drink
                  | potions when taking damage. [potion of mutation]
 96410 | Zot:5    | Lost mutation: You are robust. (+10% HP) [potion of
                  | mutation]
 96410 | Zot:5    | Gained mutation: You passively map a small area around you.
                  | [potion of mutation]
 96410 | Zot:5    | Gained mutation: You have large cloven feet. [potion of
                  | mutation]
 96411 | Zot:5    | Lost mutation: You are partially covered in iridescent
                  | scales. (AC +2) [potion of mutation]
 96411 | Zot:5    | Lost mutation: You sometimes lose your temper in combat.
                  | [potion of mutation]
 96411 | Zot:5    | Lost mutation: You passively map a small area around you.
                  | [potion of mutation]
 96411 | Zot:5    | Gained mutation: You are clumsy. (Dex -2) [potion of
                  | mutation]
 96511 | Zot:5    | Noticed an orb of fire
 96534 | Zot:5    | Gained mutation: Your magical capacity is low. (-10% MP)
                  | [an orb of fire]
 96539 | Zot:5    | Killed an orb of fire
 96547 | Zot:5    | Got the Orb of Zot
 96681 | Zot:3    | Noticed Miurrak the pandemonium lord
 96699 | Zot:3    | Noticed Tyoram the pandemonium lord
 96950 | Depths:1 | Gained mutation: You are weak. (Str -2) [a cacodemon]
 97356 | D:1      | Gained mutation: Your magical capacity is very low. (-20%
                  | MP) [a cacodemon]
 97369 | D:$      | Escaped with the Orb!

Illustrated notes

Levels and vault maps discovered:
D:1:      scummos_arrival_checkerplants, layout_basic
D:2:      layout_loops_corners, chequers_ecumenical_altar_simple, uniq_robin
D:3:      minmay_inner_zag, layout_loops_corners, mainiacjoe_overflow_alcove_2,
          uniq_terence
D:4:      layout_basic, mainiacjoe_overflow_alcove_1
D:5:      layout_loops_ring, kennysheep_generic_room_6, uniq_prince_ribbit1,
          uniq_crazy_yiuf_cottage
D:6:      layout_basic, lemuel_coloured_pillars_altar, minmay_temple_entry_glass
D:7:      layout_basic, yredelemnul_forgotten_temple_becter, tso_metal_star,
          minivault_26
D:8:      layout_loops_ring, xom_shifter_show, okawaru_humans,
          nicolae_overflow_hallway_of_the_gods, chequers_serial_rivers_small_3
D:9:      layout_rooms, orc_0_dummy
D:10:     layout_basic, amcnicky_altar_gilded, nemelex_spade_bored_becter,
          serial_shops, nicolae_shop_tiny_glass, nicolae_transmutations_shop
D:11:     layout_irregular_city, grunt_lair_entry_orc_guard_hut,
          minmay_misc_feat_more_columns, uniq_sonja, uniq_grum, uniq_maurice
D:12:     layout_loops_ring, chequers_serial_rivers_room_a, nrook_loot_triangle,
          nicolae_vehumet_radiance
D:13:     layout_irregular_city, chequers_serial_rivers_small_3, st_stairs_4,
          uniq_urug
D:14:     layout_roguey, david_vaults_4, serial_shops,
          nicolae_shop_rolling_square, nicolae_the_louvre,
          nicolae_qazlal_scattered_showers
D:15:     grunt_enter_depths_giant_problem, layout_irregular_city,
          dk_noncrumbling_3, uniq_roxanne
Lair:1:   layout_gridlike, serial_bayou_shore_a, serial_bayou_shore_b
Lair:2:   layout_cave_pods, portal_ice_cave_demonic_guard, lemuel_old_faithful,
          uniq_amaemon
Lair:3:   layout_gridlike, elwin_shoals_entry_rooms,
          minmay_snake_entry_guardpost_large, fungi_pond_lemuel, st_stairs_8,
          nicolae_quartered_pool_impasse, kennysheep_basilisk_garden,
          grunt_megastairs_5
Lair:4:   layout_layer_cave, ebering_ghost_rock_garden, beast_lair_carwin_1,
          lemuel_fruit_fields
Lair:5:   cheibrodos_lair_end_hotspot, layout_cave_pods,
          minmay_slime_entry_pillars, nicolae_lair_time_for_slime
Shoals:1: layout_shoals, serial_shops, shop, uniq_donald, uniq_nikola
Shoals:2: layout_shoals, uniq_mlioglotl
Shoals:3: layout_shoals, uniq_jorgrun
Shoals:4: shoals_end_hellmonk_storm_palace [storm_palace_center_circular,
          storm_palace_corner_blocked, storm_palace_corner_narrow,
          storm_palace_corner_narrow, storm_palace_corner_pillars],
          uniq_polyphemus
Snake:1:  layout_chambers, st_stairs_3, serial_bayou_ford_a,
          grunt_ministairs_12, drop_trap, uniq_frances
Snake:2:  onia_ninara_swampy_vault, layout_gridlike, serial_shops,
          shop_fountains, basic_altar, uniq_agnes, uniq_azrael
Snake:3:  layout_grid_shapes
Snake:4:  snake_pit, layout_onion_interference, gammafunk_ghost_cemetery,
          uniq_aizul
Orc:1:    layout_caves, basic_altar
Orc:2:    pf_orc_diabolical, layout_diamond_mine, serial_shops,
          nicolae_shop_gaudy_bauble, nicolae_alphabet_shops
Elf:1:    eino_elf_arrival_altar, layout_loops_cross, serial_shops, shop, shop,
          nicolae_shop_trees, minmay_elf_annihilation
Elf:2:    elven_hall_of_blades_hangedman_alternative
          [nicolae_blade_entry_hurt_lockers], layout_rooms, drop_trap,
          amcnicky_mini_pool_small
Elf:3:    minmay_elf_hall_furrowed, layout_onion_city, basic_altar,
          serial_shops, nicolae_shop_tiny_glass
Vaults:1: nicolae_vaults_network_periphery, nicolae_vaults_specimen_jars,
          nicolae_vaults_little_squares_6, nicolae_vaults_inception_scallops,
          nicolae_vaults_arrows, nicolae_vaults_heart-shaped_vault,
          nicolae_vaults_storage_closets_2, ontoclasm_vaults_tryst,
          ontoclasm_vaults_fault, v_misc_11, nicolae_vaults_twisting_passages,
          nicolae_vaults_circle_grid_b, layout_vaults_omnibox
Vaults:2: nicolae_vaults_stairing_the_circle, nicolae_vaults_cornered_office,
          nicolae_vaults_cochlea, nicolae_vaults_three_branches,
          minmay_crypt_entry_simple_box, nicolae_vaults_triangles,
          nicolae_vaults_shipping_containers_6, v_misc_25,
          hangedman_vaults_capsules, hangedman_vaults_slice,
          nicolae_vaults_double_plus_2, nicolae_vaults_double_plus_1,
          nicolae_vaults_tetromino_T_1, nicolae_vaults_rhombus_5,
          layout_vaults_ring, serial_shops, nicolae_shop_just_a_little_nook,
          nicolae_diamond_shop, shop, uniq_jory
Vaults:3: v_misc_19, grunt_vaults_diagonal, vaults_room_fancy_cross,
          nicolae_vaults_weapon_check, nicolae_vaults_hexular_roomagon,
          v_misc_2, v_misc_33, st_diamondy, grunt_vaults_funnel,
          nicolae_vaults_oval_intersection, nicolae_vaults_ring_of_whatevers,
          nicolae_vaults_house_2, ontoclasm_vaults_shuriken,
          layout_vaults_big_cross, uniq_norris, uniq_sojobo, uniq_bai_suzhen
Vaults:4: v_misc_10, vaults_dpeg_spiral, nicolae_vaults_swerve,
          nicolae_vaults_asterisk, nicolae_vaults_six-pack,
          hangedman_vaults_trim, layout_vaults_quadrants, serial_shops,
          nicolae_shop_trees, uniq_boris
Vaults:5: uniq_saint_roka, uniq_mara
Crypt:1:  layout_rooms, gammafunk_ghost_arena, grunt_crypt_arrival_guarded_gate
Crypt:2:  layout_gridlike, gammafunk_ghost_necromancy, grunt_ministairs_11,
          nicolae_danse_macabre, grunt_megastairs_1
Crypt:3:  lightli_unholy_cathedral, layout_chaotic_city,
          tomb_entry_forgotten_bobbens, serial_co_window_serial,
          co_window_paths_b, co_window_paths_b, co_window_corner_a,
          co_window_of_opportunity_a, co_window_cross_1, co_window_corner_a,
          co_window_paths_b, co_window_of_opportunity_a, co_window_paths_a,
          co_window_paths_c, co_window_broadway_a, co_window_corner_b,
          co_window_corner_ca, co_window_2corner, co_window_broadway_a,
          co_window_paths_e, glass_columns_a, glass_columns_b, st_stairs_7
Depths:1: layout_gridlike, abyss_entry, grunt_hell_horde, abandoned_shop,
          eino_tiny_chamber, minmay_hidden_floor, grunt_megastairs_2
Depths:2: minmay_sliced_demisemicircle, layout_gridlike, special_room
          [special_room_morgue], hangedman_abyss_or_decor_clamps,
          hangedman_coc_ice_floe, mu_enter_wizlab_2, pan_entry, abyss_entry,
          chequers_serial_rivers_micro_d, nicolae_shop_vocational
Depths:3: minmay_connected_triangles_in_corner, layout_long_grid, abyss_entry,
          minmay_misc_feat_square, serial_shops, nicolae_shop_rolling_square,
          hell_entry, kennysheep_cross_landing, minmay_staircase_bubble,
          serial_bayou_shore_b, serial_bayou_shore_b
Depths:4: grunt_zot_entry_hairpin, layout_honeycomb, enter_ziggurat_e,
          hangedman_decor_growths, pf_hell_entry_tar_spiral,
          nicolae_abyss_entry_one_way_or_another
Zot:1:    layout_gridlike, hangedman_zot_decor_scrapings, grunt_ministairs_6
Zot:2:    kennysheep_oblong_rooms, layout_gridlike
Zot:3:    layout_basic
Zot:4:    layout_cathedral_of_symmetry, uniq_tiamat
Zot:5:    layout_basic

Skill      XL: |  1  2  3  4  5  6  7  8  9 10 11 12 13 14 15 16 17 18 19 20 21 22 23 24 25 26 |
---------------+-------------------------------------------------------------------------------+-----
Spellcasting   | 5 6 7 8 9 10 11 12 13 14 15 16 17 18 | 18.8
Invocations    | 1 2 3 4 5 6 7 8 9 10 11 12 13 14 15 16 17 18 19 | 19.7
Short Blades   | 1 2 3 4 5 6 7 9 10 11 12 13 14 15 16 17 18 | 18.2
Axes           | 1 2 3 4 5 6 7 9 10 11 12 13 14 15 16 17 18 | 18.2
Maces & Flails | 1 2 3 4 5 6 7 9 10 11 12 13 14 15 16 17 18 | 18.2
Polearms       | 1 2 3 4 5 6 7 9 10 11 12 13 14 15 16 17 18 | 18.2
Staves         | 1 2 3 4 5 6 7 9 10 11 12 13 14 15 16 17 18 | 18.2
Ranged Weapons | 1 2 3 4 5 6 7 9 10 11 12 13 14 15 16 17 18 | 18.2
Stealth        | 1 2 3 4 5 6 7 9 10 11 12 13 14 15 16 17 18 | 18.2
Shields        | 1 2 3 4 5 6 7 9 10 11 12 13 14 15 17 18 19 20 21 | 21.4
Unarmed Combat | 1 2 3 4 5 6 7 9 10 11 12 13 14 15 16 17 18 | 18.2
Evocations     | 1 2 3 4 5 6 7 9 10 11 12 13 14 15 16 17 18 | 18.2
Shapeshifting  | 1 2 3 4 5 6 7 8 9 10 11 12 13 14 15 16 | 16.8
Conjurations   | 1 2 3 4 5 6 7 8 9 10 11 12 13 14 15 | 15.5
Hexes          | 1 2 3 4 5 6 7 8 9 10 11 12 13 14 15 | 15.5
Summonings     | 1 2 3 4 5 6 7 8 9 10 11 12 13 14 15 | 15.5
Necromancy     | 1 2 3 4 5 6 7 8 9 10 11 12 13 14 15 | 15.5
Transmutations | 1 2 3 4 5 6 7 8 9 10 11 12 13 14 15 | 15.5
Fire Magic     | 1 2 3 4 5 6 7 8 9 10 11 12 13 14 15 | 15.5
Ice Magic      | 1 2 3 4 5 6 7 8 9 10 11 12 13 14 15 | 15.5
Air Magic      | 1 2 3 4 5 6 7 8 9 10 11 12 13 14 15 | 15.5
Earth Magic    | 1 2 3 4 5 6 7 8 9 10 11 12 13 14 15 | 15.5
Poison Magic   | 1 2 3 4 5 6 7 8 9 10 11 12 13 14 15 | 15.5
Throwing       | 3 4 5 6 7 8 9 10 11 12 13 14 15 16 17 18 | 18.4
Armour         | 3 4 5 6 7 8 9 10 11 12 13 14 15 16 17 18 | 18.4
Fighting       | 5 6 7 8 9 10 11 12 13 14 15 16 17 18 | 18.7
Long Blades    | 5 6 7 8 9 10 11 12 13 14 15 16 17 18 | 18.7
Dodging        | 5 6 7 8 9 10 11 12 13 14 15 16 17 18 | 18.7
Translocations | 6 7 8 9 10 11 12 13 14 15 16 | 16.4

Action                     |  1- 3 |  4- 6 |  7- 9 | 10-12 | 13-15 | 16-18 | 19-21 | 22-24 | 25-27 || total
---------------------------+-------+-------+-------+-------+-------+-------+-------+-------+-------++-------
  Melee: Falchion          |   128 |    77 |    21 |       |       |       |       |       |       ||   226
         Bite              |    12 |    22 |    46 |   139 |   335 |   368 |   314 |   456 |   317 ||  2009
         Dagger            |       |   113 |   153 |    27 |       |       |       |       |       ||   293
         Punch             |       |     4 |    10 |    11 |       |       |       |       |       ||    25
         Rapier            |       |       |   140 |   715 |  1110 |  2118 |   219 |       |       ||  4302
         Long sword        |       |       |       |       |  1030 |    39 |       |       |       ||  1069
         Demon blade       |       |       |       |       |       |       |  1278 |  2027 |  1370 ||  4675
         Scimitar          |       |       |       |       |       |       |    92 |       |       ||    92
  Throw: Boomerang         |       |       |     8 |    15 |     5 |       |       |       |       ||    28
         Dart              |       |       |       |     3 |     9 |     8 |     3 |     1 |     3 ||    27
         Javelin           |       |       |       |       |       |     9 |       |       |       ||     9
   Cast: Blink             |     1 |     5 |     8 |    10 |    12 |     7 |     6 |     4 |     3 ||    56
         Wereblood         |       |       |       |     1 |       |       |     1 |       |       ||     2
         Manifold Assault  |       |       |       |       |    17 |    46 |    17 |       |       ||    80
         Vhi's Electric Ch |       |       |       |       |       |    32 |    58 |    27 |    17 ||   134
         Dispel Undead     |       |       |       |       |       |     5 |    39 |   213 |     3 ||   260
         Confusing Touch   |       |       |       |       |       |    26 |       |       |       ||    26
         Airstrike         |       |       |       |       |       |     3 |    60 |       |     3 ||    66
         Animate Armour    |       |       |       |       |       |       |     4 |     1 |       ||     5
         Silence           |       |       |       |       |       |       |     4 |     7 |     3 ||    14
         Freezing Cloud    |       |       |       |       |       |       |       |     1 |       ||     1
 Invoke: Banish            |       |       |       |     5 |    10 |    10 |       |       |       ||    25
         Corrupt           |       |       |       |       |     1 |       |     1 |     1 |       ||     3
         Depart the Abyss  |       |       |       |       |     1 |       |       |       |       ||     1
  Evoke: Wand              |       |       |       |    23 |     4 |    32 |     3 |    12 |    11 ||    85
         Phantom mirror    |       |       |       |       |       |     1 |     1 |     1 |     1 ||     4
    Use: Scroll            |       |     6 |     7 |    15 |     9 |     7 |    18 |     8 |    19 ||    89
         Potion            |       |       |       |     6 |     1 |     6 |     2 |     3 |    38 ||    56
   Stab: Sleeping          |     1 |     1 |     7 |     5 |    13 |    23 |    34 |    18 |     1 ||   103
         Invisible         |       |       |       |     2 |       |     6 |       |       |     3 ||    11
         Distracted        |       |       |       |       |     4 |     7 |     6 |     9 |     3 ||    29
         Confused          |       |       |       |       |       |    26 |       |       |       ||    26
 Armour: Leather armour    |    13 |       |       |       |       |       |       |       |       ||    13
         Ring mail         |    62 |    99 |   132 |   363 |   199 |       |       |       |       ||   855
         Ice dragon scales |       |       |       |       |   795 |   939 |   572 |   778 |   147 ||  3231
         Gold dragon scale |       |       |       |       |       |       |       |       |   367 ||   367
  Dodge: Dodged            |    74 |   129 |   234 |   844 |  1426 |   827 |   494 |   713 |   224 ||  4965
         Repelled          |       |       |     1 |     3 |    15 |       |       |       |       ||    19
  Block: Kite shield       |       |       |       |   216 |  1606 |  1876 |  1080 |   597 |       ||  5375
         Reflection        |       |       |       |       |    35 |   173 |    51 |    19 |    28 ||   306
         Tower shield      |       |       |       |       |       |       |       |  1522 |  1271 ||  2793

Table legend: (Time is in decaauts)
 A = Elapsed time spent in this place.
 B = Non-inter-level travel time spent in this place.
 C = Inter-level travel time spent in this place.
 D = Time resting spent in this place.
 E = Time spent auto-exploring this place.
 F = Levels seen in this place.
 G = Mean time per level.
                   A        B        C        D        E       F      G
               +--------+--------+--------+--------+--------+-----+--------+
         Total |  96685 |  90453 |   6232 |  29967 |  34286 |  53 | 1824.2 |
       Dungeon |  21072 |  18412 |   2660 |   3625 |  10090 |  15 | 1404.8 |
          Lair |  10009 |   9171 |    838 |   2650 |   3681 |   5 | 2001.8 |
        Shoals |   9485 |   9319 |    166 |   3685 |   2140 |   4 | 2371.2 |
     Snake Pit |  10197 |   9809 |    388 |   3274 |   3792 |   4 | 2549.2 |
  Orcish Mines |   5483 |   5157 |    326 |   2760 |    666 |   2 | 2741.5 |
   Elven Halls |   5393 |   5076 |    317 |   1982 |   1864 |   3 | 1797.7 |
        Vaults |  12533 |  11959 |    574 |   4088 |   5031 |   5 | 2506.6 |
         Crypt |   7648 |   7470 |    178 |   2861 |   2885 |   3 | 2549.3 |
        Depths |   8960 |   8200 |    760 |   2359 |   3919 |   4 | 2240.0 |
           Zot |   3139 |   3119 |     20 |   1470 |      0 |   5 |  627.8 |
         Abyss |      0 |      0 |      0 |      0 |      0 |   1 |    0.0 |
      Ice Cave |   2222 |   2222 |      0 |   1077 |    169 |   1 | 2222.0 |
        Wizlab |    538 |    538 |      0 |    131 |     48 |   1 |  538.0 |
               +--------+--------+--------+--------+--------+-----+--------+

Top non-repeatable levels by time:
   Orc:2: 4619 daAuts
Shoals:4: 4328 daAuts
 Snake:4: 3290 daAuts
 Crypt:3: 3028 daAuts
Vaults:4: 2894 daAuts
 Snake:2: 2730 daAuts
Depths:4: 2677 daAuts
 Snake:1: 2536 daAuts
 Crypt:2: 2491 daAuts
Vaults:1: 2491 daAuts
Vaults:3: 2485 daAuts
Vaults:2: 2352 daAuts
  Lair:4: 2338 daAuts
Depths:2: 2316 daAuts
Vaults:5: 2308 daAuts
